 Dungeon Crawl Stone Soup version 0.31-a0-986-g5e6e4ef867 (webtiles) character file.

Game seed: 4191652156430743556

86 Lobster4 the Digger (level 4, -5/25 HPs)
             Began as a Gargoyle Earth Elementalist on Nov 13, 2023.
             Killed by divine providence
             ... invoked by an orc priest
              (11 damage)
             ... on level 3 of the Dungeon.
             The game lasted 00:07:16 (2201 turns).

Lobster4 the Digger (Gargoyle Earth Elementalist)   Turns: 2201, Time: 00:07:16

Health: -5/25      AC:  8    Str: 12    XL:     4   Next: 49%
Magic:  5/7        EV: 12    Int: 17    God:
Gold:   111        SH:  0    Dex: 10    Spells: 1/7 levels left

rFire   . . .        b - +3 sling
rCold   . . .        (no shield)
rNeg    + . .        k - +1 robe of the Wasteland {rPois Slay-6 Archmagi}
rPois   ∞            (no helmet)
rElec   +            (no cloak)
rCorr   .            (no gloves)
SInv    .            g - +1 pair of boots
Will    .....        (no amulet)
Stlth   ++           (no ring)
HPRegen 0.24/turn    (no ring)
MPRegen 0.10/turn

%: archmagi
@: no status effects
A: sickness immunity, AC +3, negative energy resistance 1, electricity
resistance, torment resistance 1, petrification resistance
a: no special abilities


You were on level 3 of the Dungeon.
You visited 1 branch of the dungeon, and saw 3 of its levels.

You collected 111 gold pieces.

Inventory:

Hand Weapons
 a - a +4 short sword
 b - a +3 sling (weapon)
 e - a +0 club
 f - a +0 dagger
 h - a +0 hand axe
 r - a +0 mace
Missiles
 d - 13 stones
 j - 4 boomerangs
 q - 11 poisoned darts
Armour
 g - a +1 pair of boots (worn)
 k - the +1 robe of the Wasteland (worn) {rPois Slay-6 Archmagi}
   (You found it on level 2 of the Dungeon)

   Slay-6:    It affects your accuracy & damage with ranged weapons and melee
   (-6).
   rPois:     It protects you from poison Archmagi: It increases the power of
   your magical spells.
 s - a +0 robe
Scrolls
 m - a scroll of amnesia
 n - a scroll of enchant armour {unknown}
 u - a scroll of fear {unknown}
 v - a scroll of brand weapon {unknown}
Potions
 c - a potion of resistance {unknown}
 l - 2 potions of degeneration {unknown}
 o - 2 potions of ambrosia {unknown}
 p - a potion of enlightenment {unknown}
 t - a potion of magic


   Skills:
 + Level 1.0 Fighting
 + Level 1.2 Armour
 + Level 2.0 Dodging
 + Level 2.7 Stealth
 + Level 2.3 Spellcasting
 * Level 1.0 Conjurations
 - Level 1.0 Transmutations
 * Level 4.5 Earth Magic


You had one spell level left.
You knew the following spells:

 Your Spells              Type           Power      Damage    Failure   Level
a - Sandblast             Erth           52%        2d12      3%          1
b - Stone Arrow           Conj/Erth      34%        3d9       19%         3
p - Passwall              Tmut/Erth      14%        N/A       9%          2

Your spell library contained the following spells:

 Spells                   Type           Power      Damage    Failure   Level
 Dazzling Flash           Conj/Hex       10%        N/A       41%         3
 Tukima's Dance           Hex            3%         N/A       50%         3
 Brom's Barrelling Bould  Conj/Erth      17%        2d4       52%         4
 Petrify                  Tmut/Erth      17%        N/A       52%         4
 Passage of Golubria      Tloc           3%         N/A       88%         4
 Agony                    Necr           3%         N/A       99%         5
 Silence                  Hex/Air        1%         N/A       99%         5
 Yara's Violent Unravell  Hex/Tmut       2%         3d3       99%         5


Dungeon Overview and Level Annotations

Branches:
Dungeon (3/15)

Altars:

Annotations:
D:3 exclusions: dart slug and ogre


Innate Abilities, Weirdness & Mutations

You are immune to sickness and miasma.
Your stone body is resilient. (AC +3)
You are immune to poison.
You resist negative energy. (rN+)
You are resistant to electric shocks. (rElec)
You are resistant to unholy torment.
You are immune to petrification.


Message History

The sling bullet hits the orc but does no damage.
An orc priest comes into view. It is wielding a +0 club.
Casting: Sandblast (safe; 3% risk of failure)
Confirm with . or Enter, or press ? or * to list all spells.
Aiming: Sandblast (safe; 3% risk of failure)
Press: ? - help, Shift-Dir - straight line, f/p - orc
Aim: an orc, wielding a +0 dagger and wearing a +0 leather armour (83% to hit)
You feel a surge of power!
The blast of sand hits the orc.
The orc is almost dead.
The orc priest shouts!
The orc priest mumbles some strange prayers to Beogh against you.
Beogh smites you!
Ouch! That really hurt!
An orc comes into view. It is wielding a +0 hand axe.
Okay, then.
Okay, then.
Unknown command.
As you read the scroll labelled UREDWA YN PIO, it crumbles to dust.
It is a scroll of amnesia.
Okay, then.
An orc priest comes into view. It is wielding a +0 dagger.
The orc hits you with a +0 dagger.
* * * LOW HITPOINT WARNING * * *
Casting: Sandblast (safe; 3% risk of failure)
Confirm with . or Enter, or press ? or * to list all spells.
Aiming: Sandblast (safe; 3% risk of failure)
Press: ? - help, Shift-Dir - straight line, f/p - orc
Aim: an orc, wielding a +0 dagger and wearing a +0 leather armour (severely wounded, 83% to hit)
You feel a surge of power!
The blast of sand misses the orc.
The orc shouts!
The orc closely misses you.
As you read the scroll labelled HUGUGGUPTE, it crumbles to dust.
The creatures around you are filled with an inner flame!
It was a scroll of immolation.
The orc priest calls upon Beogh to heal the orc.
The orc's wounds heal themselves!
The orc hits you with a +0 dagger.
* * * LOW HITPOINT WARNING * * *
The orc priest mumbles some strange prayers to Beogh against you.
Beogh smites you!
You die...

##.##..####.....# #.###.#
##..#.#### #.# #.###
##....... #.###...######.....
###########.................#
#..................##........
#...........÷................
#............................
#...........@............)...
############.................
#..o..............
#.................
#.)...............
#.oo..o...........
#.................
#.................
#.................


You could see 2 orc priests and 2 orcs.

Vanquished Creatures
  3 adders
  A worm (D:2)
  3 dart slugs
  2 orcs (D:3)
  An endoplasm (D:2)
  2 giant cockroaches (D:3)
  3 goblins (D:1)
  2 hobgoblins (D:3)
  4 jackals
  7 kobolds
  3 quokkas
  5 ball pythons
  6 bats
  A frilled lizard (D:2)
  3 rats
46 creatures vanquished.

Notes
Turn   | Place    | Note
-------+----------+-------------------------------------------
     0 | D:1      | Lobster4 the Gargoyle Earth Elementalist began the quest
                  | for the Orb.
     0 | D:1      | Reached XP level 1. HP: 10/10 MP: 3/3
   396 | D:1      | Reached XP level 2. HP: 15/15 MP: 0/5
   399 | D:1      | Learned a level 2 spell: Passwall
   843 | D:1      | Reached skill level 4 in Earth Magic
   968 | D:2      | Reached skill level 1 in Transmutations
  1037 | D:2      | Identified the +1 robe of the Wasteland {rPois Slay-6
                  | Archmagi}
  1039 | D:2      | Reached XP level 3. HP: 20/20 MP: 4/6
  1064 | D:2      | Found a faded altar of an unknown god.
  1268 | D:2      | Reached skill level 1 in Armour
  1347 | D:2      | Learned a level 3 spell: Stone Arrow
  1611 | D:3      | Reached XP level 4. HP: 24/24 MP: 5/7
  2009 | D:3      | Noticed an ogre
  2034 | D:3      | Reached skill level 1 in Fighting
  2034 | D:3      | Reached skill level 1 in Conjurations
  2201 | D:3      | Killed from afar by an orc priest

Illustrated notes

Levels and vault maps discovered:
D:1:      ncdulo_watergridlock, layout_loops_corners
D:2:      layout_rooms, ebering_ecumenical_altar_abandoned,
          kennysheep_generic_room_15
D:3:      layout_rooms, fedhas_ov_isle_minmay, st_stairs_14

Skill      XL: |  1  2  3  4 |
---------------+-------------+-----
Earth Magic    | 4 |  4.5
Transmutations | 1 |  1.0
Armour         | 1 |  1.2
Fighting       | 1 |  1.0
Dodging        | 2 |  2.0
Conjurations   | 1 |  1.0
Stealth        | |  2.7
Spellcasting   | |  2.3

Action                     |  1- 3 |  4- 6 || total
---------------------------+-------+-------++-------
  Melee: Hand axe          |     4 |       ||     4
   Fire: Sling             |       |    15 ||    15
   Cast: Sandblast         |    41 |    25 ||    66
    Use: Scroll            |       |     2 ||     2
   Stab: Sleeping          |     1 |       ||     1
 Armour: Robe              |    12 |     6 ||    18
  Dodge: Dodged            |     5 |     4 ||     9

Table legend: (Time is in decaauts)
 A = Elapsed time spent in this place.
 B = Non-inter-level travel time spent in this place.
 C = Inter-level travel time spent in this place.
 D = Time resting spent in this place.
 E = Time spent auto-exploring this place.
 F = Levels seen in this place.
 G = Mean time per level.
                   A        B        C        D        E       F      G
               +--------+--------+--------+--------+--------+-----+--------+
         Total |   2239 |   2148 |     91 |     78 |   1611 |   3 |  746.3 |
       Dungeon |   2239 |   2148 |     91 |     78 |   1611 |   3 |  746.3 |
               +--------+--------+--------+--------+--------+-----+--------+

Top non-repeatable levels by time:
     D:1: 971 daAuts
     D:2: 640 daAuts
     D:3: 627 daAuts
